 Dungeon Crawl Stone Soup version 0.23.0 (webtiles) character file.

Game seed: 12101062933893919245

81 LostNumber the Skirmisher (level 4, -7/36 HPs)
             Began as a Demonspawn Abyssal Knight on Feb 10, 2019.
             Was a Follower of Lugonu.
             Killed from afar by an orc wizard (9 damage)
             ... with a magic dart
             ... on level 2 of the Dungeon.
             The game lasted 00:02:02 (1076 turns).

LostNumber the Skirmisher (DsAK)                    Turns: 1076, Time: 00:02:02

Health: -7/36      AC:  7    Str: 13    XL:     4   Next: 19%
Magic:  6/6        EV: 10    Int: 13    God:    Lugonu [*.....]
Gold:   130        SH:  0    Dex: 13    Spells: 3/3 levels left

rFire    . . .     SeeInvis .   a - +1 hand axe
rCold    . . .     Gourm    .   (no shield)
rNeg     . . .     Faith    .   c - +0 ring mail
rPois    .         Spirit   .   (no helmet)
rElec    .         Reflect  .   (no cloak)
rCorr    .         Harm     .   (no gloves)
MR       .....                  (no boots)
Stlth    +.........             (no amulet)
HPRegen  0.12/turn              (no ring)
MPRegen  0.10/turn              (no ring)

@: no status effects
A: talons 1, iridescent scales 1, demonic guardian 1
a: Depart the Abyss, Renounce Religion


You were on level 2 of the Dungeon.
You worshipped Lugonu.
Lugonu was aware of your devotion.
You were not hungry.

You visited 1 branch of the dungeon, and saw 2 of its levels.
You visited the Abyss 1 time.

You collected 130 gold pieces.

Inventory:

Hand Weapons
 a - a +1 hand axe (weapon)
Armour
 b - a +0 leather armour
 c - a +0 ring mail (worn)
   (You found it on level 2 of the Dungeon)
 m - a +0 helmet
   (You found it on level 2 of the Dungeon)
 n - a +0 pair of gloves of strength
   (You found it on level 2 of the Dungeon)
Jewellery
 k - an uncursed ring of protection from cold {unknown}
   (You found it on level 2 of the Dungeon)
Scrolls
 d - a scroll of identify {unknown}
 f - a scroll of enchant armour {unknown}
 h - a scroll of remove curse {unknown}
 l - a scroll of enchant weapon {unknown}
Potions
 g - a potion of invisibility {unknown}
 j - a potion of degeneration {unknown}
Comestibles
 e - 4 rations {!d}
 i - 7 chunks of flesh


   Skills:
 + Level 3.6 Fighting
 * Level 3.1 Axes
 - Level 1.7 Armour
 - Level 0.8 Dodging
 + Level 3.5 Invocations


You had 3 spell levels left.
You didn't know any spells.
Your spell library was empty.

Dungeon Overview and Level Annotations

Branches:
Dungeon (2/15)

Altars:


Innate Abilities, Weirdness & Mutations

You have sharp toenails.
You are partially covered in iridescent scales. (AC +2)
A weak demonic guardian rushes to your aid.


Message History

Your iron imp barely misses Terence.
You hit Terence. Your kick misses Terence.
Your ring mail prevents you from hitting the orc.
You hit the giant cockroach. The orc hits you but does no damage.
Terence hits you with a +0 flail. The giant cockroach bites you.
The orc hits your iron imp but does no damage.
Your iron imp hits Terence but does no damage.
You barely miss Terence. You hit the giant cockroach.
You kill the giant cockroach!
Lugonu accepts your kill.
You hit the orc. Terence hits you with a +0 flail.
* * * LOW HITPOINT WARNING * * *
The orc hits you.
* * * LOW HITPOINT WARNING * * *
Your iron imp barely misses Terence.
You hit Terence.
You kill Terence!
Lugonu accepts your kill.
Your Axes skill increases to level 3!
You have reached level 4!
You feel agile.
Your demonic ancestry asserts itself...
Iridescent scales grow over part of your body.
You hit the orc. x2; The orc barely misses you.
The orc wizard gestures at you while chanting.
The puff of flame hits you but does no damage.
The orc hits you but does no damage.
Unknown command.
Unknown command.
Your iron imp closely misses the orc.
The orc hits your iron imp with a +0 club.
The orc hits your iron imp.
Your iron imp completely misses the orc.
The orc hits your iron imp with a +0 club.
The orc barely misses your iron imp.
Unknown command.
The orc closely misses you.
The orc wizard points at you and mumbles some strange words.
The puff of flame hits you!
* * * LOW HITPOINT WARNING * * *
The orc hits your iron imp but does no damage.
The orc barely misses your iron imp.
Your iron imp hits the orc!
The orc dies!
Lugonu accepts your kill.
The orc completely misses your iron imp.
Your iron imp barely misses the orc.
Unknown command.
Unknown command.
The orc wizard casts a spell at you. The magic dart hits you!
You die...

....... ..............#
.!...$. #..............#
.......#####...#.##.....###
...................<#)#.#
......).........#..##.#)#
.........o5....##.......##
......).5o.....##.##.....#
...........o..##..##.....##
.........o.@...#.###......#
.................#.......)##
..$........>...............#
............................
....$..............).......
.............>......<.....
............)............
####....................
#....................


You could see an orc wizard, 3 orcs and 2 friendly iron imps.

Vanquished Creatures
  Terence (D:2)
  An adder (D:2)
  4 dart slugs
  2 leopard geckos (D:1)
  4 bats (D:1)
  2 giant cockroaches
  6 goblins
  5 hobgoblins
  4 frilled lizards (D:1)
  4 kobolds (D:1)
  3 rats (D:1)
36 creatures vanquished.

Vanquished Creatures (collateral kills)
  An orc (D:2)
1 creature vanquished.

Grand Total: 37 creatures vanquished

Notes
Turn   | Place    | Note
-------+----------+-------------------------------------------
     0 | Abyss:1  | LostNumber the Demonspawn Abyssal Knight began the quest
                  | for the Orb.
     0 | Abyss:1  | Reached XP level 1. HP: 18/18 MP: 2/2
    42 | Abyss:1  | Noticed a great orb of eyes
    74 | Abyss:1  | Noticed a chaos spawn
    74 | Abyss:1  | Noticed a large abomination
    76 | D:1      | Escaped the Abyss
   236 | D:1      | Gained mutation: A weak demonic guardian rushes to your
                  | aid. [demonic ancestry]
   236 | D:1      | Reached XP level 2. HP: 19/24 MP: 4/4
   285 | D:1      | Reached * piety under Lugonu
   518 | D:1      | Gained mutation: You have sharp toenails. [demonic
                  | ancestry]
   518 | D:1      | Reached XP level 3. HP: 22/29 MP: 5/5
  1059 | D:2      | Noticed Terence
  1070 | D:2      | Killed Terence
  1070 | D:2      | Gained mutation: You are partially covered in iridescent
                  | scales. (AC +2) [demonic ancestry]
  1070 | D:2      | Reached XP level 4. HP: 8/36 MP: 6/6
  1073 | D:2      | HP: 1/36 [orc wizard/puff of flame (7)]
  1076 | D:2      | Killed from afar by an orc wizard

Skill      XL: |  1  2  3 |
---------------+----------+-----
Axes           | 2 3 |  3.1
Invocations    | 3 |  3.5
Fighting       | |  3.6
Armour         | |  1.7
Dodging        | |  0.8

Action                   |  1- 3 |  4- 6 || total
-------------------------+-------+-------++-------
Melee: Hand axe          |   105 |       ||   105
       Kick              |    11 |       ||    11
Invok: Depart the Abyss  |     1 |       ||     1
  Eat: Chunk             |     1 |       ||     1
Armor: Leather armour    |    27 |       ||    27
       Ring mail         |     7 |     2 ||     9
Dodge: Dodged            |    69 |     2 ||    71
